Map: Central Protocol

Players

Solar

  • Race: Zerg Zerg
  • League: Diamond

PartinG - Winner!

  • Race: Protoss Protoss
  • League: Platinum

Event: DreamHack ROCCAT LotV Championship

VOD

Have the link to the VOD?

Description

Time

  • Played on: Nov. 28, 2015, 2:10 p.m.
  • Length: 7:44

All games in this series

Show
View Real Time Build Order
Export as new Build Order

Solar Zerg 

Build Orders: Hatch First 

Get SALT Encoding   

  12  0:00  Drone  
  13  0:12  Overlord  
  13  0:17  Drone  
  14  0:30  Drone x2  
  14  0:34  Drone  
  17  0:52  Hatchery  
  17  0:55  Drone  
  17  0:58  Drone  
  17  1:02  Extractor  
  17  1:06  Drone  
  18  1:16  Spawning Pool  
  17  1:19  Drone  
  18  1:28  Drone  
  19  1:39  Overlord  
  19  1:49  Drone  
  20  2:00  Drone  
  21  2:03  Queen  
  21  2:04  Drone, Queen  
  21  2:05  Metabolic Boost  
  26  2:11  Drone  
  28  2:15  Drone  
  28  2:21  Drone  
  29  2:26  Zergling x2  
  30  2:33  Hatchery  
  30  2:36  Drone  
  30  2:39  Drone  
  30  2:42  Overlord  
  31  2:50  Drone  
  32  2:53  Drone  
  33  3:01  Drone  
  33  3:04  Drone  
  35  3:10  Drone  
  35  3:12  Zergling x12  
  42  3:17  Overlord  
  42  3:24  Drone  
  43  3:28  Drone  
  44  3:37  Drone  
  44  3:40  Drone  
  45  3:45  Drone x3  
  45  3:46  Queen  
  45  3:47  Drone x3  
  45  3:48  Drone  
  54  3:52  Drone  
  54  3:58  Overlord  
  54  3:59  Drone, Extractor  
  54  4:01  Lair, Roach Warren  
  53  4:03  Drone  
  53  4:06  Drone  
  53  4:09  Extractor  
  54  4:10  Drone  
  54  4:14  Drone  
  56  4:18  Drone  
  56  4:19  Drone x2  
  56  4:21  Drone x4  
  62  4:25  Overlord  
  62  4:29  Overlord  
  62  4:30  Overlord  
  62  4:31  Extractor  
  62  4:32  Extractor  
  62  4:35  Evolution Chamber  
  62  4:36  Overlord  
  59  4:43  Roach x2  
  63  4:46  Roach  
  63  4:50  Drone  
  63  4:51  Drone x2  
  63  4:52  Roach x3  
  74  4:53  Zergling x4  
  74  4:59  Overlord  
  76  5:01  Drone x2  
  76  5:02  Zergling x2  
  76  5:04  Zergling x4  
  76  5:06  Glial Reconstitution  
  79  5:07  Zerg Missile Weapons Level 1  
  79  5:11  Zergling x2  
  79  5:14  Drone x2  
  81  5:16  Overseer  
  81  5:21  Drone  
  81  5:22  Drone  
  81  5:23  Drone x2  
  81  5:24  Drone x4  
  81  5:28  Overlord  
  89  5:34  Overlord  
  89  5:35  Overlord  
  89  5:40  Overlord  
  89  5:44  Overlord  
  89  5:46  Roach x3  
  89  5:48  Roach  
  97  5:52  Roach x2  
  97  5:53  Roach x2  
  97  5:55  Ravager x6  
  110  5:58  Roach x2  
  110  6:01  Roach x2  
  110  6:03  Roach  
  120  6:07  Overlord  
  120  6:08  Roach x2  
  124  6:17  Overlord, Ravager  
  125  6:18  Roach  
  125  6:22  Roach x4  
  125  6:23  Queen  
  125  6:25  Overlord  
  137  6:26  Ravager  
  137  6:28  Zergling x4  
  138  6:38  Roach  
  138  6:39  Roach x2  
  121  6:41  Roach x4  
  121  6:43  Roach  
  105  6:48  Roach  
  105  6:52  Roach  
  105  6:53  Roach  
  103  6:56  Queen  
  103  7:01  Roach  
  97  7:03  Queen  
  97  7:04  Roach x5  
  94  7:14  Roach x3  
  80  7:24  Roach  
Show
View Real Time Build Order
Export as new Build Order

PartinG Protoss - Winner!

Build Orders: Nexus First 

Get SALT Encoding   

  12  0:00  Probe (Chrono Boost)  
  13  0:11  Probe (Chrono Boost)  
  14  0:19  Pylon  
  14  0:22  Probe (Chrono Boost)  
  15  0:37  Probe (Chrono Boost)  
  16  0:48  Probe (Chrono Boost)  
  17  0:57  Nexus  
  17  1:09  Gateway  
  17  1:11  Probe (Chrono Boost)  
  17  1:16  Assimilator  
  18  1:22  Probe (Chrono Boost)  
  18  1:25  Assimilator  
  20  1:32  Probe (Chrono Boost)  
  20  1:39  Gateway  
  20  1:43  Probe (Chrono Boost)  
  21  1:53  Probe (Chrono Boost)  
  22  1:58  Cybernetics Core  
  22  2:04  Probe (Chrono Boost)  
  23  2:10  Probe (Chrono Boost)  
  23  2:15  Probe (Chrono Boost)  
  25  2:20  Probe (Chrono Boost)  
  26  2:25  Probe (Chrono Boost)  
  27  2:32  Pylon  
  27  2:35  Adept x2 (Chrono Boost)  
  31  2:37  Warp Gate  
  31  2:42  Mothership Core (Chrono Boost)  
  33  2:44  Probe (Chrono Boost)  
  33  2:50  Pylon  
  34  2:56  Probe (Chrono Boost)  
  35  3:02  Probe (Chrono Boost)  
  36  3:09  Robotics Facility  
  36  3:11  Probe (Chrono Boost)  
  37  3:13  Probe (Chrono Boost)  
  37  3:19  Adept  
  40  3:21  Probe (Chrono Boost)  
  40  3:24  Probe (Chrono Boost), Adept  
  44  3:32  Pylon  
  44  3:33  Probe (Chrono Boost)  
  46  3:34  Probe (Chrono Boost)  
  46  3:44  Gateway  
  46  3:47  Probe x2 (Chrono Boost)  
  48  3:56  Probe (Chrono Boost)  
  48  3:57  Probe (Chrono Boost), Warp Prism (Chrono Boost)  
  48  4:02  Pylon  
  52  4:11  Twilight Council  
  51  4:18  Probe  
  53  4:29  Immortal (Chrono Boost)  
  56  4:34  Pylon  
  56  4:41  Pylon  
  56  4:42  Gateway  
  56  4:45  Gateway  
  56  4:47  Gateway  
  56  4:49  Charge (Chrono Boost)  
  56  4:53  Gateway  
  56  4:58  Sentry x2  
  56  4:59  Gateway  
  60  5:10  Immortal (Chrono Boost)  
  64  5:15  Zealot  
  64  5:18  Pylon x2  
  66  5:27  Pylon  
  66  5:33  Zealot x2  
  70  5:37  Zealot  
  72  5:45  Pylon  
  72  5:46  Observer, Zealot  
  72  5:47  Pylon, Zealot x2  
  79  5:54  Zealot x3  
  85  5:57  Zealot  
  85  6:01  Zealot  
  89  6:07  Zealot x2  
  89  6:08  Zealot  
  95  6:15  Zealot x2  
  95  6:18  Zealot  
  101  6:21  Zealot  
  103  6:26  Zealot  
  103  6:39  Zealot x4  
  99  6:44  Zealot x2  
  93  6:48  Zealot  
  93  6:53  Zealot  
  85  7:13  Zealot x7  
  93  7:16  Zealot  
  79  7:34  Zealot x6  
  79  7:37  Zealot  

Tags
 
Add a new tag
Caveats
  • Supply blocks, unpowered buildings, or Contaminate may cause inaccurate times.
  • Supply counts are checked every 10 seconds.